 Dungeon Crawl Stone Soup version 0.20.1-1-g8b1a95d (webtiles) character file.

49 karf the Insei (level 3, -7/27 HPs)
             Began as a Merfolk Transmuter on Oct 28, 2017.
             Mangled by Sigmund
             ... wielding a +1 scythe of venom
              (10 damage)
             ... on level 2 of the Dungeon.
             The game lasted 00:04:00 (1088 turns).

karf the Insei (Merfolk Transmuter)                 Turns: 1088, Time: 00:04:00

Health: -7/27      AC:  2    Str: 10    XL:     3   Next: 77%
Magic:  5/6        EV: 13    Int: 12    God:
Gold:   74         SH:  0    Dex: 15    Spells: 5/6 levels left

rFire    . . .     SeeInvis .     - Unarmed
rCold    . . .     Gourm    .   (no shield)
rNeg     . . .     Faith    .   b - +0 robe
rPois    .         Spirit   .   (no helmet)
rElec    .         Reflect  .   (no cloak)
rCorr    .         Harm     .   (no gloves)
MR       .....                  (no boots)
Stlth    +.........             (no amulet)
Regen    0.1/turn               (no ring)
MPRegen  0.1/turn               (no ring)

@: lethally poisoned (-7 -> -13), appendage
A: change form in water, swift swim, stealthy swim, horns 2
a: End Transformation


You were on level 2 of the Dungeon.
You were not hungry.
You had grown temporary horns.
You visited 1 branch of the dungeon, and saw 2 of its levels.

You collected 74 gold pieces.

Inventory:

Hand Weapons
 e - a +0 spear
Missiles
 a - 26 arrows
Armour
 b - a +0 robe (worn)
Jewellery
 k - an uncursed amulet of harm {unknown}
Scrolls
 g - 2 scrolls of remove curse {unknown}
 i - a scroll of magic mapping {unknown}
Potions
 f - a potion of curing {unknown}
 j - a potion of heal wounds {unknown}
Books
 c - a book of Changes

   Spells                             Type                      Level
   a - Beastly Appendage              Transmutation                1
   b - Sticks to Snakes               Transmutation                2
   c - Spider Form                    Transmutation/Poison         3
   d - Ice Form                       Ice/Transmutation            4
   e - Blade Hands                    Transmutation                5
Comestibles
 d - 3 bread rations
 h - 3 fruits


   Skills:
 + Level 1.7 Fighting
 + Level 3.3 Dodging
 * Level 4.2 Unarmed Combat
 - Level 2.0 Spellcasting
 + Level 3.1 Transmutations


You had 5 spell levels left.
You knew the following spells:

 Your Spells              Type           Power        Failure   Level  Hunger
a - Beastly Appendage     Tmut           #.....       8%          1    ##.....


Dungeon Overview and Level Annotations

Branches:
Dungeon (2/15)

Altars:

Annotations:
D:2 Sigmund


Innate Abilities, Weirdness & Mutations

You revert to your normal form in water.
You are very nimble and swift while swimming.
You are very stealthy in the water. (Stealth+)
You have a pair of horns on your head.


Message History

* * * LOW HITPOINT WARNING * * *
You feel sick.
You hit Sigmund.
Sigmund is heavily wounded.
Sigmund barely misses you.
Casting: Beastly Appendage
Confirm with . or Enter, or press ? or * to list all spells.
You grow a pair of large bovine horns.
* * * LOW HITPOINT WARNING * * *
You feel sick.
You hit Sigmund.
Sigmund is severely wounded.
* * * LOW HITPOINT WARNING * * *
You feel sick. Sigmund says, "I'm your fate." Sigmund completely misses you.
You hit Sigmund but do no damage. Your headbutt misses Sigmund.
Sigmund is severely wounded.
Sigmund hits you with a scythe of venom!
You die...

##.#####.#
#.# #.####
#.# #....#
#.# #....#
##### #.#
#....###....
#.#
#...........
#.#
########....
#.# #....
#@# #....
#@# #####
#r# #.# ..#
.## . ..
#########
#..[(...#


You could see Sigmund and a rat.

Vanquished Creatures
  An adder (D:2)
  An ooze (D:1)
  A dart slug (D:1)
  A giant cockroach (D:1)
  3 hobgoblins
  2 jackals (D:1)
  2 bats (D:1)
  7 frilled lizards
  6 goblins
  3 kobolds (D:1)
  9 rats
36 creatures vanquished.

Notes
Turn   | Place    | Note
-------+----------+-------------------------------------------
     0 | D:1      | karf the Merfolk Transmuter began the quest for the Orb.
     0 | D:1      | Reached XP level 1. HP: 15/15 MP: 3/3
    97 | D:1      | Reached XP level 2. HP: 21/21 MP: 3/5
   449 | D:1      | Reached skill level 4 in Unarmed Combat
   516 | D:1      | Reached XP level 3. HP: 20/26 MP: 4/6
  1076 | D:2      | Noticed Sigmund
  1088 | D:2      | Mangled by Sigmund

Skill      XL: |  1  2  3 |
---------------+----------+-----
Dodging        | 3 |  3.3
Unarmed Combat | 4 |  4.2
Transmutations | 3 |  3.1
Fighting       | |  1.7
Spellcasting   | |  2.0

Action                   || total
-------------------------++-------
Melee: Unarmed           ||   116
       Headbutt          ||     7
 Cast: Beastly Appendage ||    18
 Stab: Sleeping          ||     2
  Eat: Chunk             ||     1
Armor: Robe              ||    20
Dodge: Dodged            ||    90
